 Dungeon Crawl Stone Soup version 0.26-a0-307-g4e7fcc93f0 (webtiles) character file.

Game seed: 10534914355408990190

29 AvylaarBelgium the Cudgeler (level 3, 0/28 HPs)
             Began as a Demonspawn Gladiator on July 15, 2020.
             Slain by a hobgoblin
             ... wielding a +0 spear
              (3 damage)
             ... on level 1 of the Dungeon.
             The game lasted 00:01:20 (516 turns).

AvylaarBelgium the Cudgeler (Demonspawn Gladiator)   Turns: 516, Time: 00:01:21

Health: 0/28       AC:  4    Str: 14    XL:     3   Next: 1%
Magic:  3/3        EV: 12    Int: 10    God:
Gold:   32         SH:  0    Dex: 14    Spells: 2/2 levels left

rFire    . . .     SeeInvis .   a - +0 flail
rCold    . . .     Faith    .   (no shield)
rNeg     . . .     Spirit   .   b - +0 leather armour
rPois    .         Reflect  .   e - +0 helmet (curse)
rElec    .         Harm     .   (no cloak)
rCorr    .         Rnd*Tele +   (no gloves)
MR       .....                  (no boots)
Stlth    +.........             (no amulet)
HPRegen  0.09/turn              g - ring of teleportation (curse)
MPRegen  0.08/turn              (no ring)

@: no status effects
A: talons 2
a: no special abilities


You were on level 1 of the Dungeon.
You visited 1 branch of the dungeon, and saw 1 of its levels.

You collected 32 gold pieces.

Inventory:

Hand Weapons
 a - a +0 flail (weapon)
Missiles
 d - 3 throwing nets (quivered)
Armour
 b - a +0 leather armour (worn)
 c - a +0 helmet
 e - a cursed +0 helmet (worn)
 i - a +0 pair of gloves
Jewellery
 g - a cursed ring of teleportation (left hand)
Scrolls
 h - a scroll of fear {unknown}
Potions
 f - a potion of lignification {unknown}


   Skills:
 + Level 2.8 Fighting
 + Level 3.3 Maces & Flails
 - Level 1.7 Throwing
 - Level 2.6 Dodging


You had 2 spell levels left.
You didn't know any spells.
Your spell library was empty.

Dungeon Overview and Level Annotations

Branches:
Dungeon (1/15)

Altars:
Okawaru


Innate Abilities, Weirdness & Mutations

You have razor-sharp toenails.


Message History

You are too injured to fight recklessly!
You are too injured to fight recklessly!
You are too injured to fight recklessly!
You are too injured to fight recklessly!
You are too injured to fight recklessly!
You are too injured to fight recklessly!
You are too injured to fight recklessly!
Unknown command.
You hit the hobgoblin but do no damage. The hobgoblin closely misses you.
Your leather armour prevents you from hitting the hobgoblin.
The hobgoblin misses you. The goblin barely misses you.
You hit the hobgoblin. Your kick misses the hobgoblin.
The hobgoblin is severely wounded.
The hobgoblin hits you with a +0 spear.
* * * LOW HITPOINT WARNING * * *
The goblin hits you but does no damage.
You barely miss the hobgoblin.
The hobgoblin is severely wounded.
The hobgoblin hits you with a +0 spear.
You die...

≈..#...........#
≈............#..
≈###........## .
#........#
#........#
###...##.# .
##...##.#.≈.
.###..........≈
.....l.@......≈
.#....gg.......
.....#.........
....##.........
....
................
...
.................
.#
#................
............... #
#..............


You could see a hobgoblin (strong), a goblin and a frilled lizard.

Vanquished Creatures
  2 dart slugs (D:1)
  A leopard gecko (D:1)
  3 bats (D:1)
  A giant cockroach (D:1)
  6 hobgoblins (D:1)
  A frilled lizard (D:1)
  4 goblins (D:1)
  2 kobolds (D:1)
  4 rats (D:1)
24 creatures vanquished.

Notes
Turn   | Place    | Note
-------+----------+-------------------------------------------
     0 | D:1      | AvylaarBelgium the Demonspawn Gladiator began the quest for
                  | the Orb.
     0 | D:1      | Reached XP level 1. HP: 16/16 MP: 1/1
   253 | D:1      | Found an iron altar of Okawaru.
   260 | D:1      | Reached skill level 3 in Maces & Flails
   260 | D:1      | Gained mutation: You have sharp toenails. [demonic
                  | ancestry]
   260 | D:1      | Reached XP level 2. HP: 22/23 MP: 2/2
   504 | D:1      | Gained mutation: You have razor-sharp toenails. [demonic
                  | ancestry]
   504 | D:1      | Reached XP level 3. HP: 16/28 MP: 3/3
   516 | D:1      | Slain by a hobgoblin

Illustrated notes

Levels and vault maps discovered:
D:1:      saegor_arrival_simple_c, layout_rooms, serial_rivers,
          chequers_serial_rivers_micro_c, chequers_serial_rivers_micro_d,
          chequers_serial_rivers_micro_c, chequers_serial_rivers_micro_a,
          supply_closet_lemuel, minmay_hexomino_r4

Skill      XL: |  1 |
---------------+----+-----
Maces & Flails | 3 |  3.3
Fighting       | |  2.8
Throwing       | |  1.7
Dodging        | |  2.6

Action                   || total
-------------------------++-------
Melee: Flail             ||    60
       Kick              ||     9
Armor: Leather armour    ||    19
Dodge: Dodged            ||    60

Table legend:
 A = Non-vault XP
 B = Vault XP
 C = Vault XP percentage of total XP
 D = Non-vault monster count
 E = Vault monster count
 F = Vault count percentage of total count
                 A         B        C        D         E       F
            +---------+---------+-------+---------+---------+-------
      Total |      34 |       8 |  19.0 |      19 |       5 |  20.8
            +---------+---------+-------+---------+---------+-------
        D:1 |      34 |       8 |  19.0 |      19 |       5 |  20.8
            +---------+---------+-------+---------+---------+-------
